 Dungeon Crawl Stone Soup version 0.28-a0-793-g31680bbd8b (webtiles) character file.

Game seed: 16831428662210055141

873 ytrimaz the Covered (level 7, -1/55 HPs)
             Began as a Demonspawn Fighter on Nov 3, 2021.
             Slain by Edmund (11 damage)
             ... on level 5 of the Dungeon.
             The game lasted 00:04:21 (5881 turns).

ytrimaz the Covered (Demonspawn Fighter)            Turns: 5881, Time: 00:04:22

Health: -1/55      AC:  8    Str: 18    XL:     7   Next: 74%
Magic:  7/7        EV: 10    Int: 10    God:
Gold:   1189       SH: 11    Dex: 12    Spells: 6/6 levels left

rFire   + . .      SeeInvis .   a - +0 flail
rCold   + . .      Faith    .   c - +0 buckler
rNeg    . . .      Spirit   .   b - +0 scale mail
rPois   +          Reflect  .   (no helmet)
rElec   +          Harm     .   (no cloak)
rCorr   +          Rampage  .   (no gloves)
Will    .....                   q - +0 pair of boots
Stlth   ..........              (no amulet)
HPRegen 0.18/turn               (no ring)
MPRegen 0.10/turn               (no ring)

@: resistant, flying, hasted, very quick
A: claws 1, large bone plates 2
a: no special abilities


You were on level 5 of the Dungeon.
You visited 1 branch of the dungeon, and saw 5 of its levels.

You collected 1189 gold pieces.

Inventory:

Hand Weapons
 a - a +0 flail (weapon)
Armour
 b - a +0 scale mail (worn)
 c - a +0 buckler (worn)
 q - a +0 pair of boots (worn)
Jewellery
 d - a ring of fire
Scrolls
 g - 2 scrolls of blinking
 j - 3 scrolls of enchant weapon
 l - 2 scrolls of teleportation
 p - a scroll of immolation
 r - a scroll of enchant armour
Potions
 k - a potion of ambrosia {unknown}
 m - a potion of resistance
 o - 2 potions of flight


   Skills:
 + Level 4.5 Fighting
 - Level 1.8 Maces & Flails
 + Level 5.1 Armour
 * Level 3.5 Dodging
 - Level 4.0 Shields
 * Level 3.1 Unarmed Combat


You had 6 spell levels left.
You didn't know any spells.
Your spell library contained the following spells:

 Spells                   Type           Power      Damage    Failure   Level
 Conjure Flame            Conj/Fire      0%         6-21      97%         3
 Ignite Poison            Fire/Tmut/Pois 0%         N/A       97%         3
 Sticky Flame             Conj/Fire      0%         2d3       100%        4


Dungeon Overview and Level Annotations

Branches:
Dungeon (5/15)
 Temple: D:4-7

Altars:
Nemelex Xobeh

Shops:
D:1 !

Annotations:
D:5 Edmund


Innate Abilities, Weirdness & Mutations

You have sharp fingernails.
You are mostly covered in large bone plates. (SH +6)


Message History

You block Edmund's attack.
You barely miss Edmund.
Edmund is moderately wounded.
You block Edmund's attack.
You hit Edmund but do no damage.
Edmund is moderately wounded.
Edmund hits you with a +2 flail of protection.
Edmund barely misses you.
You hit Edmund but do no damage.
Edmund is moderately wounded.
You block Edmund's attack.
You hit Edmund.
Edmund is moderately wounded.
You block Edmund's attack.
It was a potion of resistance.
You feel protected.
Edmund hits you with a +2 flail of protection.
It was a potion of flight.
You feel very buoyant.
You fly up into the air.
Edmund closely misses you.
You closely miss Edmund.
Edmund is moderately wounded.
Edmund hits you with a +2 flail of protection! x2
* * * LOW HITPOINT WARNING * * *
It was a potion of haste.
You feel yourself speed up. You block Edmund's attack.
You barely miss Edmund.
Edmund is moderately wounded.
Edmund says, "You wouldn't believe how much I paid for this flail."
Edmund barely misses you.
You hit Edmund.
Edmund is heavily wounded.
Edmund barely misses you.
You barely miss Edmund.
Edmund is heavily wounded.
Edmund closely misses you.
You hit Edmund.
Edmund is heavily wounded.
Edmund hits you with a +2 flail of protection!
You die...

#.#..........#####
.......###.......#
..###..# #...###.#
#.###..###...#...#
...............#.
#####..#..........
#...#.†......########
#.#.#........#....#[#.#
....#..#.....#..@...#.#
...##..####..#.@#...#.#
#..#...# ..#..#...#.#
.......# ..####...#.#
#..#.### ..#≈≈#...#.#
.....# #..#.....#
#..#.# ..#..#.....#
#..#.# #..#......#.##
#..#.# #..#..##..#..#


You could see Edmund.

Vanquished Creatures
  Sigmund (D:5)
  An ogre (D:5)
  A centaur (D:5)
  A kobold brigand (D:4)
  A wyvern skeleton (D:5)
  A water moccasin skeleton (D:4)
  A howler monkey (D:5)
  An orc priest (D:5)
  2 hounds (D:5)
  A bullfrog skeleton (D:4)
  2 iguanas
  An orc wizard (D:5)
  A hound skeleton (D:4)
  5 adders
  An ufetubus (D:4)
  3 worms
  4 dart slugs
  3 orcs
  10 endoplasms
  4 giant cockroaches
  5 goblins
  3 hobgoblins
  4 jackals (D:3)
  5 quokkas
  5 ball pythons
  5 bats
  3 frilled lizards (D:2)
  3 kobolds
  3 rats
81 creatures vanquished.

Notes
Turn   | Place    | Note
-------+----------+-------------------------------------------
     0 | D:1      | ytrimaz the Demonspawn Fighter began the quest for the Orb.
     0 | D:1      | Reached XP level 1. HP: 18/18 MP: 1/1
   414 | D:1      | Found Guefap's Distillery.
   493 | D:1      | Gained mutation: You have sharp fingernails. [demonic
                  | ancestry]
   493 | D:1      | Reached XP level 2. HP: 19/24 MP: 2/2
   678 | D:1      | Found a faded altar of an unknown god.
  1209 | D:2      | Reached skill level 3 in Armour
  1209 | D:2      | Reached XP level 3. HP: 25/29 MP: 3/3
  1884 | D:3      | Reached skill level 1 in Dodging
  2548 | D:3      | Reached skill level 1 in Unarmed Combat
  2548 | D:3      | Reached XP level 4. HP: 35/35 MP: 4/4
  3072 | D:3      | Found a sparkling altar of Nemelex Xobeh.
  3460 | D:4      | Noticed a kobold brigand
  3475 | D:4      | Killed a kobold brigand
  3476 | D:4      | Gained mutation: You are partially covered in large bone
                  | plates. (SH +4) [demonic ancestry]
  3476 | D:4      | Reached XP level 5. HP: 15/42 MP: 5/5
  3771 | D:4      | Reached skill level 4 in Armour
  4050 | D:4      | Gained mutation: You are mostly covered in large bone
                  | plates. (SH +6) [demonic ancestry]
  4050 | D:4      | Reached XP level 6. HP: 23/48 MP: 6/6
  4254 | D:5      | Entered Level 5 of the Dungeon
  4258 | D:4      | Identified a scroll of acquirement
  4266 | D:4      | Acquired 946 gold pieces
  4723 | D:5      | Reached XP level 7. HP: 29/54 MP: 7/7
  5218 | D:5      | HP: 1/54 [orc priest/divine providence (13)]
  5628 | D:5      | Noticed Sigmund
  5645 | D:5      | Killed Sigmund
  5646 | D:5      | Reached skill level 5 in Armour
  5857 | D:5      | Noticed Edmund
  5881 | D:5      | Slain by Edmund

Illustrated notes

Levels and vault maps discovered:
D:1:      dpeg_arrival_central, layout_basic,
          hellmonk_ecumenical_altar_inner_sanctum, serial_shops,
          nicolae_shop_behind_doors, minmay_bisected
D:2:      layout_loops_ring, kennysheep_doodads, minivault_26,
          minmay_heptomino_w4
D:3:      layout_basic, mainiacjoe_overflow_paths, kennysheep_path_1,
          st_stairs_3
D:4:      layout_gridville
D:5:      layout_basic, minmay_misc_feat_chi, corexii_item_surrounded_by_moat,
          serial_park_tiny_2, sigmund_edmund_badplayer

Skill      XL: |  1  2  3  4  5  6  7 |
---------------+----------------------+-----
Armour         | 3 4 5 |  5.1
Shields        | 3 4 |  4.0
Dodging        | 1 2 3 |  3.5
Unarmed Combat | 1 2 3 |  3.1
Fighting       | 4 |  4.5
Maces & Flails | |  1.8

Action                   |  1- 3 |  4- 6 |  7- 9 || total
-------------------------+-------+-------+-------++-------
Melee: Flail             |   128 |   190 |    70 ||   388
  Use: Scroll            |       |     9 |     2 ||    11
       Potion            |       |       |     8 ||     8
Armor: Scale mail        |    70 |   122 |    24 ||   216
Dodge: Dodged            |    74 |   125 |    26 ||   225
Block: Buckler           |    38 |   110 |    24 ||   172

Table legend: (Time is in decaauts)
 A = Elapsed time spent in this place.
 B = Non-inter-level travel time spent in this place.
 C = Inter-level travel time spent in this place.
 D = Time resting spent in this place.
 E = Time spent auto-exploring this place.
 F = Levels seen in this place.
 G = Mean time per level.
                   A        B        C        D        E       F      G
               +--------+--------+--------+--------+--------+-----+--------+
         Total |   6007 |   5951 |     56 |     23 |   5043 |   5 | 1201.4 |
       Dungeon |   6007 |   5951 |     56 |     23 |   5043 |   5 | 1201.4 |
               +--------+--------+--------+--------+--------+-----+--------+

Top non-repeatable levels by time:
     D:5: 1652 daAuts
     D:3: 1511 daAuts
     D:2: 961 daAuts
     D:4: 957 daAuts
     D:1: 925 daAuts
